Dernière mise à jour: 2025-12-07 16:11:59
% Time on Ice - TEXAS TOROS
Lines # - Real PCT - Wanted PCT - Time Play
Normal Forward
1 - 34% - 36% - 17:09
2 - 29% - 31% - 14:36
3 - 23% - 23% - 11:42
4 - 14% - 10% - 7:02
Normal Defense
1 - 35% - 36% - 17:36
2 - 30% - 31% - 15:05
3 - 31% - 23% - 15:47
4 - 4% - 10% - 2:01
PP Forward
1 - 64% - 55% - 4:51
2 - 36% - 45% - 2:41
PP Defense
1 - 63% - 55% - 4:45
2 - 37% - 45% - 2:47
PK Forward
1 - 94% - 55% - 1:52
2 - 6% - 45% - 0:07
PK Defense
1 - 36% - 55% - 0:43
2 - 64% - 45% - 1:16
PK3 Forward
1 - 0% - 55%
2 - 0% - 45%
PK3 Defense
1 - 0% - 55%
2 - 0% - 45%
44 Forward
1 - 0% - 55%
2 - 0% - 45%
44 Defense
1 - 0% - 55%
2 - 0% - 45%
Last Minute Offensive  - 0:00
Last Minute Defensive  - 0:00
Total
Forward - 60:00
Defense - 60:00
% Time on Ice - SASKATOON DUCKS
Lines # - Real PCT - Wanted PCT - Time Play
Normal Forward
1 - 27% - 36% - 13:42
2 - 34% - 31% - 17:24
3 - 26% - 23% - 13:06
4 - 12% - 10% - 6:17
Normal Defense
1 - 35% - 36% - 17:47
2 - 31% - 31% - 15:40
3 - 29% - 23% - 14:31
4 - 5% - 10% - 2:31
PP Forward
1 - 53% - 55% - 1:03
2 - 47% - 45% - 0:56
PP Defense
1 - 53% - 55% - 1:03
2 - 47% - 45% - 0:56
PK Forward
1 - 65% - 55% - 4:54
2 - 35% - 45% - 2:38
PK Defense
1 - 53% - 55% - 3:59
2 - 47% - 45% - 3:33
PK3 Forward
1 - 0% - 55%
2 - 0% - 45%
PK3 Defense
1 - 0% - 55%
2 - 0% - 45%
44 Forward
1 - 0% - 55%
2 - 0% - 45%
44 Defense
1 - 0% - 55%
2 - 0% - 45%
Last Minute Offensive  - 0:00
Last Minute Defensive  - 0:00
Total
Forward - 60:00
Defense - 60:00
Play-by-Play 1st period 0:01 of 1st period - Max Domi wins face-off versus Logan Cooley in neutral zone. 0:31 of 1st period - Shot by Owen Power. 0:31 of 1st period - Shot Blocked by Samuel Girard. 0:35 of 1st period - Shot by Logan Cooley. 0:35 of 1st period - Stopped by Cayden Primeau without a rebound. 0:36 of 1st period - Ryan Strome wins face-off versus Ryan Poehling in SASKATOON DUCKS zone. 0:36 of 1st period - Ryan Strome is hit by Yegor Chinakhov. 0:58 of 1st period - Shot by Yegor Chinakhov. 0:58 of 1st period - Stopped by Cayden Primeau without a rebound. 0:59 of 1st period - Tyson Jost wins face-off versus Danton Heinen in SASKATOON DUCKS zone. 1:13 of 1st period - Shot by Cam Atkinson. 1:13 of 1st period - Stopped by Adin Hill with a rebound. 2:44 of 1st period - Shot by Ryan Strome. 2:44 of 1st period - Shot Blocked by Philip Broberg. 3:44 of 1st period - Troy Terry is hit by Andrew Peeke and loses puck. 4:28 of 1st period - Shot by Tyson Jost. 4:28 of 1st period - Deflect By Robert Fabbri. 4:28 of 1st period - Stopped by Adin Hill without a rebound. 4:29 of 1st period - Jordan Staal wins face-off versus Danton Heinen in TEXAS TOROS zone. 4:56 of 1st period - Shot by Ryan Strome. 4:56 of 1st period - Shot Misses the Net. 5:22 of 1st period - Icing by Samuel Girard. 5:23 of 1st period - Logan Cooley wins face-off versus Jordan Staal in SASKATOON DUCKS zone. 5:23 of 1st period - Logan Cooley is hit by Samuel Girard. 6:22 of 1st period - Shot by William Smith. 6:22 of 1st period - Stopped by Cayden Primeau without a rebound. 6:23 of 1st period - Max Domi wins face-off versus Ryan Poehling in SASKATOON DUCKS zone. 6:23 of 1st period - Max Domi is hit by Yegor Chinakhov. 6:49 of 1st period - Shot by Cole Perfetti. 6:49 of 1st period - Stopped by Adin Hill without a rebound. 6:50 of 1st period - Kevin Hayes wins face-off versus Tyson Jost in TEXAS TOROS zone. 6:56 of 1st period - Off-side. 6:57 of 1st period - Kevin Hayes wins face-off versus Jordan Staal in neutral zone. 7:17 of 1st period - Off-side. 7:18 of 1st period - Logan Cooley wins face-off versus Tyson Jost in neutral zone. 7:27 of 1st period - Shot by Logan Cooley. 7:27 of 1st period - Stopped by Cayden Primeau without a rebound. 7:28 of 1st period - Ryan Poehling wins face-off versus Max Domi in SASKATOON DUCKS zone. 8:09 of 1st period - Shot by Jake Guentzel. 8:09 of 1st period - Stopped by Adin Hill without a rebound. 8:10 of 1st period - Logan Cooley wins face-off versus Tyson Jost in TEXAS TOROS zone. 8:20 of 1st period - Logan Cooley is hit by Robert Fabbri and loses puck. 8:31 of 1st period - Shot by Cam Atkinson. 8:31 of 1st period - Stopped by Adin Hill without a rebound. 8:32 of 1st period - Jordan Staal wins face-off versus Danton Heinen in TEXAS TOROS zone. 8:48 of 1st period - Icing by Danton Heinen. 8:49 of 1st period - Max Domi wins face-off versus Danton Heinen in TEXAS TOROS zone. 8:49 of 1st period - Max Domi is hit by Isaak Phillips. 9:19 of 1st period - Shot by Max Domi. 9:19 of 1st period - Stopped by Adin Hill without a rebound. 9:20 of 1st period - Logan Cooley wins face-off versus Tyson Jost in TEXAS TOROS zone. 9:40 of 1st period - Shot by Robert Fabbri. 9:40 of 1st period - Shot Blocked by Owen Power. 9:42 of 1st period - Shot by Andrew Peeke. 9:42 of 1st period - Shot Blocked by Owen Power. 9:44 of 1st period - Shot by Cam Atkinson. 9:44 of 1st period - Shot Misses the Net. 9:46 of 1st period - Shot by Robert Fabbri. 9:46 of 1st period - Shot Blocked by Taylor Raddysh. 9:48 of 1st period - Shot by Tyson Jost. 9:48 of 1st period - Stopped by Adin Hill without a rebound. 9:49 of 1st period - Ryan Poehling wins face-off versus Jordan Staal in TEXAS TOROS zone. 11:21 of 1st period - Shot by Logan Cooley. 11:21 of 1st period - Stopped by Cayden Primeau with a rebound. 11:23 of 1st period - Shot by Logan Cooley. 11:23 of 1st period - Shot Misses the Net. 11:31 of 1st period - Mathieu Joseph is hit by Taylor Raddysh and loses puck. 11:39 of 1st period - Icing by Jake Sanderson. 11:40 of 1st period - Jordan Staal wins face-off versus Kevin Hayes in SASKATOON DUCKS zone. 11:57 of 1st period - Cole Perfetti is hit by Kevin Hayes. 11:58 of 1st period - Icing by Cole Perfetti. 11:59 of 1st period - Danton Heinen wins face-off versus Jake Guentzel in SASKATOON DUCKS zone. 12:17 of 1st period - Shot by Danton Heinen. 12:17 of 1st period - Deflect By Bobby Brink. 12:17 of 1st period - Shot Blocked by Andrew Peeke. 12:19 of 1st period - Shot by Isaak Phillips. 12:19 of 1st period - Shot Misses the Net. 12:25 of 1st period - Shot by Danton Heinen. 12:25 of 1st period - Shot Blocked by Andrew Peeke. 12:27 of 1st period - Shot by Isaak Phillips. 12:27 of 1st period - Shot Misses the Net. 12:29 of 1st period - Shot by Bobby Brink. 12:29 of 1st period - Stopped by Cayden Primeau without a rebound. 12:30 of 1st period - Logan Cooley wins face-off versus Tyson Jost in SASKATOON DUCKS zone. 12:38 of 1st period - Taylor Raddysh is hit by Vincent Desharnais and loses puck. 12:42 of 1st period - Troy Terry is hit by Vincent Desharnais. 12:49 of 1st period - Minor Penalty to Vincent Desharnais for Interference. 12:50 of 1st period - Danton Heinen wins face-off versus Jake Guentzel in SASKATOON DUCKS zone. 13:09 of 1st period - Shot by Tyson Foerster. 13:09 of 1st period - Deflect By Yegor Chinakhov. 13:09 of 1st period - Shot Misses the Net. 13:15 of 1st period - Shot by Danton Heinen. 13:15 of 1st period - Deflect By Yegor Chinakhov. 13:15 of 1st period - Shot Blocked by Andrew Peeke. 13:17 of 1st period - Shot by Yegor Chinakhov. 13:17 of 1st period - Shot Misses the Net. 13:19 of 1st period - Shot by Tyson Foerster. 13:19 of 1st period - Shot Misses the Net. 13:45 of 1st period - Shot by Ryan Poehling. 13:45 of 1st period - Shot Misses the Net. 13:47 of 1st period - Shot by Isaak Phillips. 13:47 of 1st period - Stopped by Cayden Primeau without a rebound. 13:48 of 1st period - Ryan Strome wins face-off versus Ryan Poehling in SASKATOON DUCKS zone. 14:24 of 1st period - Shot by Logan Cooley. 14:24 of 1st period - Goal by Logan Cooley - TEXAS TOROS : 1 - SASKATOON DUCKS : 0. 14:25 of 1st period - Kevin Hayes wins face-off versus Tyson Jost in neutral zone. 14:43 of 1st period - Shot by Kevin Hayes. 14:43 of 1st period - Shot Misses the Net. 15:17 of 1st period - Shot by Jake Guentzel. 15:17 of 1st period - Stopped by Adin Hill without a rebound. 15:18 of 1st period - Logan Cooley wins face-off versus Cole Perfetti in TEXAS TOROS zone. 15:41 of 1st period - Icing by Kailer Yamamoto. 15:42 of 1st period - Cole Perfetti wins face-off versus Ryan Poehling in SASKATOON DUCKS zone. 15:42 of 1st period - Cole Perfetti is hit by Yegor Chinakhov. 15:57 of 1st period - Shot by Ryan Poehling. 15:57 of 1st period - Shot Misses the Net. 15:59 of 1st period - Shot by Tyson Foerster. 15:59 of 1st period - Shot Misses the Net. 16:01 of 1st period - Shot by Tyson Foerster. 16:01 of 1st period - Shot Misses the Net. 16:03 of 1st period - Shot by Tyson Foerster. 16:03 of 1st period - Stopped by Cayden Primeau without a rebound. 16:04 of 1st period - Mathieu Joseph wins face-off versus Logan Cooley in SASKATOON DUCKS zone. 17:30 of 1st period - Shot by Tyson Jost. 17:30 of 1st period - Shot Blocked by Nate Schmidt. 18:18 of 1st period - Ryan Poehling is hit by Samuel Girard and loses puck. 19:13 of 1st period - Shot by Mathieu Joseph. 19:13 of 1st period - Shot Misses the Net. 19:20 of 1st period - Miles Wood is hit by Andrew Peeke and loses puck. Goals for this period are 1 for TEXAS TOROS vs 0 for SASKATOON DUCKS. Shots for this period are 9 for TEXAS TOROS vs 8 for SASKATOON DUCKS. 2nd period 0:01 of 2nd period - Jake Guentzel wins face-off versus Ryan Poehling in neutral zone. 0:08 of 2nd period - Shot by Jake Guentzel. 0:08 of 2nd period - Stopped by Adin Hill without a rebound. 0:09 of 2nd period - Max Domi wins face-off versus Danton Heinen in TEXAS TOROS zone. 0:18 of 2nd period - Icing by Bobby Brink. 0:19 of 2nd period - Jordan Staal wins face-off versus Danton Heinen in TEXAS TOROS zone. 0:22 of 2nd period - Shot by Jordan Staal. 0:22 of 2nd period - Stopped by Adin Hill without a rebound. 0:23 of 2nd period - Max Domi wins face-off versus Ryan Poehling in TEXAS TOROS zone. 0:42 of 2nd period - Shot by Ryan Poehling. 0:42 of 2nd period - Shot Hit the Post. 1:04 of 2nd period - Shot by Max Domi. 1:04 of 2nd period - Stopped by Adin Hill without a rebound. 1:05 of 2nd period - Jordan Staal wins face-off versus Logan Cooley in TEXAS TOROS zone. 1:22 of 2nd period - Icing by Taylor Raddysh. 1:23 of 2nd period - Tyson Jost wins face-off versus Logan Cooley in TEXAS TOROS zone. 2:11 of 2nd period - Dougie Hamilton is hit by Max Domi and loses puck. 2:18 of 2nd period - Shot by Jake Guentzel. 2:18 of 2nd period - Shot Misses the Net. 2:20 of 2nd period - Shot by Max Domi. 2:20 of 2nd period - Stopped by Adin Hill with a rebound. 2:22 of 2nd period - Shot by Andrew Peeke. 2:22 of 2nd period - Stopped by Adin Hill with a rebound. 2:24 of 2nd period - Shot by Ben Chiarot. 2:24 of 2nd period - Shot Blocked by Dougie Hamilton. 2:44 of 2nd period - Shot by Jake Guentzel. 2:44 of 2nd period - Shot Blocked by Isaak Phillips. 3:04 of 2nd period - Minor Penalty to Isaak Phillips for High sticking. 3:05 of 2nd period - Jake Guentzel wins face-off versus Ryan Poehling in TEXAS TOROS zone. 3:18 of 2nd period - Shot by Jake Guentzel. 3:18 of 2nd period - Shot Blocked by Declan Chisholm. 3:20 of 2nd period - Shot by Jake Sanderson. 3:20 of 2nd period - Shot Misses the Net. 3:22 of 2nd period - Shot by Jordan Staal. 3:22 of 2nd period - Shot Misses the Net. 4:00 of 2nd period - Shot by Robert Fabbri. 4:00 of 2nd period - Shot Misses the Net. 4:02 of 2nd period - Shot by Robert Fabbri. 4:02 of 2nd period - Stopped by Adin Hill without a rebound. 4:03 of 2nd period - Ryan Poehling wins face-off versus Robert Fabbri in TEXAS TOROS zone. 4:22 of 2nd period - Shot by Robert Fabbri. 4:22 of 2nd period - Shot Blocked by Nate Schmidt. 5:02 of 2nd period - Shot by Ryan Strome. 5:02 of 2nd period - Stopped by Adin Hill without a rebound. 5:03 of 2nd period - Danton Heinen wins face-off versus Jake Guentzel in TEXAS TOROS zone. 5:19 of 2nd period - Shot by Jimmy Vesey. 5:19 of 2nd period - Shot Blocked by Owen Power. 5:21 of 2nd period - Shot by Jimmy Vesey. 5:21 of 2nd period - Shot Misses the Net. 6:09 of 2nd period - Shot by Jordan Staal. 6:09 of 2nd period - Stopped by Adin Hill without a rebound. 6:10 of 2nd period - Ty